 Dungeon Crawl Stone Soup version 0.19-a0-831-gce7da8b (webtiles) character file.

1314 Moloch the Cleaver (level 8, -3/64 HPs)
             Began as a Minotaur Fighter on June 30, 2016.
             Was an Initiate of Okawaru.
             Slain by a wight
             ... wielding a cursed +3 spear
              (7 damage)
             ... on level 6 of the Dungeon.
             The game lasted 00:06:28 (4136 turns).

Moloch the Cleaver (Minotaur Fighter)               Turns: 4136, Time: 00:06:29

Health: -3/64      AC: 10    Str: 22    XL:     8   Next: 32%
Magic:  7/7        EV:  5    Int:  5    God:    Okawaru [......]
Gold:   198        SH:  8    Dex: 11    Spells: 0 memorised, 7 levels left

rFire  . . .     SeeInvis .     a - +0 war axe
rCold  . . .     Gourm    .     s - +0 chain mail
rNeg   . . .     Faith    .     c - +0 shield
rPois  .         Spirit   .     (helmet restricted)
rElec  .         Dismiss  +     y - +0 cloak
rCorr  .         Reflect  .     (no gloves)
SustAt .         Harm     .     x - +0 pair of boots
MR     .....                    C - amulet of dismissal
Stlth  ..........               (no ring)
                                (no ring)

@: heavily drained, not resistant to hostile enchantments, extremely unstealthy
A: retaliatory headbutt, horns 2
a: Renounce Religion


You were on level 6 of the Dungeon.
You worshipped Okawaru.
Okawaru was noncommittal.
You were hungry.

You visited 2 branches of the dungeon, and saw 7 of its levels.

You collected 198 gold pieces.

Inventory:

Hand Weapons
 a - a +0 war axe (weapon)
Missiles
 w - 4 tomahawks of returning (quivered)
Armour
 c - a +0 shield (worn)
 s - a +0 chain mail (worn)
 x - a +0 pair of boots (worn)
 y - a +0 cloak (worn)
Jewellery
 C - an amulet of dismissal (around neck)
Wands
 A - a wand of confusion (34/48)
 B - a wand of acid (12/15)
Scrolls
 e - a scroll of teleportation
 k - a scroll of recharging {unknown}
 m - a scroll of fog {unknown}
 n - 2 scrolls of fear
 o - a scroll of amnesia
 D - 2 scrolls of remove curse
Potions
 b - a potion of degeneration {unknown}
 d - a potion of might
 i - 2 potions of lignification
 l - 2 potions of curing
 p - a potion of heal wounds
 u - a potion of cure mutation {unknown}
 v - a potion of mutation
 z - a potion of ambrosia
Comestibles
 f - 3 bread rations
 g - 2 fruits
 h - a meat ration
 j - 3 slices of pizza
 q - 2 royal jellies
 r - 6 chunks of flesh
 t - a beef jerky


   Skills:
 - Level 3.6(1.5) Fighting
 + Level 12.0(9.5) Axes
 - Level 3.6(1.5) Armour
 - Level 3.6(1.5) Shields


You had 7 spell levels left.
You didn't know any spells.

Dungeon Overview and Level Annotations

Branches:
Dungeon (6/15)             Temple (1/1) D:5

Altars:
Ashenzari
Cheibriados
Elyvilon
Fedhas
Gozag
Makhleb
Okawaru
Pakellas
Qazlal
Sif Muna
Trog
Vehumet
The Shining One


Innate Abilities, Weirdness & Mutations

You reflexively headbutt those who attack you in melee.
You have a pair of horns on your head.


Message History

You are feeling hungry.
The wight hits you but does no damage. x2
You closely miss the wight. Your headbutt misses the wight.
The wight is lightly damaged.
You barely miss the wight. You block the wight's attack.
The wight hits you with an enchanted spear!
* * * LOW HITPOINT WARNING * * *
You feel drained.
* * * LOW HITPOINT WARNING * * *
The wight hits you but does no damage.
You hit the wight. You headbutt the wight!
The wight is severely damaged.
You hit the wight but do no damage. You block the wight's attack.
The wight hits you with a spear.
* * * LOW HITPOINT WARNING * * *
You closely miss the wight. Your headbutt misses the wight.
The wight is severely damaged.
You hit the wight.
The wight hits you with an enchanted spear!
You die...

#.........##
##..#####..#
#..# .# #..#
#..# #..#
#..#
..####..#
.......@#
.#####.zz#
###..# #...
.... ......
..... .....


You could see 2 wights.

Vanquished Creatures
  Edmund (D:5)
  The ghost of Xiguana the Ruffian, an amateur VSMo (D:4)
  A black bear (D:6)
  An ice beast (D:5)
  A phantom (D:5)
  An ogre (D:6)
  A giant frog (D:3)
  3 scorpions (D:4)
  A wight (D:6)
  A crimson imp (D:3)
  A hound (D:5)
  A centaur skeleton (D:4)
  Crazy Yiuf (D:5)
  4 iguanas
  3 worker ants
  Ijyb (D:2)
  6 adders
  An adder zombie (D:5)
  2 oozes
  5 worms
  A dart slug (D:3)
  5 giant geckos
  12 orcs
  4 bats
  A giant cockroach (D:1)
  5 hobgoblins
  A jackal (D:1)
  8 kobolds
  4 giant newts
  14 goblins
  3 rats
95 creatures vanquished.

Notes
Turn   | Place    | Note
--------------------------------------------------------------
     0 | D:1      | Moloch the Minotaur Fighter began the quest for the Orb.
     0 | D:1      | Reached XP level 1. HP: 19/19 MP: 0/0
   130 | D:1      | Reached skill level 3 in Axes
   141 | D:1      | Reached XP level 2. HP: 14/26 MP: 1/1
   768 | D:2      | Reached skill level 4 in Axes
   865 | D:2      | Reached XP level 3. HP: 31/31 MP: 2/2
  1298 | D:2      | Noticed Ijyb
  1310 | D:2      | Killed Ijyb
  1310 | D:2      | Reached skill level 5 in Axes
  1429 | D:3      | Reached XP level 4. HP: 39/39 MP: 3/3
  1490 | D:3      | Reached skill level 6 in Axes
  1501 | D:3      | Reached XP level 5. HP: 39/45 MP: 4/4
  1789 | D:3      | Reached skill level 7 in Axes
  1919 | D:3      | Found a white marble altar of Elyvilon.
  1937 | D:3      | Reached XP level 6. HP: 35/51 MP: 5/5
  2105 | D:4      | Noticed Xiguana's ghost (amateur VSMo)
  2142 | D:4      | Killed Xiguana's ghost
  2142 | D:4      | Reached skill level 8 in Axes
  2282 | D:4      | Reached skill level 9 in Axes
  2282 | D:4      | Reached XP level 7. HP: 46/57 MP: 6/6
  2762 | D:5      | Entered Level 5 of the Dungeon
  2784 | D:5      | Reached skill level 10 in Axes
  2839 | D:5      | Noticed Edmund
  2860 | D:5      | Killed Edmund
  3087 | D:5      | Found a staircase to the Ecumenical Temple.
  3200 | Temple   | Entered the Ecumenical Temple
  3242 | Temple   | Became a worshipper of Warmaster Okawaru
  3311 | D:5      | Reached skill level 11 in Axes
  3453 | D:5      | Reached XP level 8. HP: 58/64 MP: 7/7
  3741 | D:5      | Found a runed door.
  3958 | D:5      | Noticed Crazy Yiuf
  3962 | D:5      | Killed Crazy Yiuf
  4125 | D:6      | Reached skill level 12 in Axes
  4136 | D:6      | Slain by a wight

Vault maps used:
D:1:      dpeg_arrival_signposts, st_stairs_13, minivault_4, minmay_pentomino_z4
D:2:      kennysheep_the_goblin_king, first_bread
D:3:      lemuel_crystal_altar, minmay_box_of_dots
D:4:      minmay_misc_feat_secret_circle
D:5:      uniq_crazy_yiuf_cottage, uniq_edmund
D:6:      nicolae_whirlpool, nicolae_ossuary_entry_giza
Temple:   regret_index_temple_chain_breaker

Skill      XL: |  1  2  3  4  5  6  7  8 |
---------------+-------------------------+-----
Axes           | 3 4 5 6 7 9 11 12 | 12.0
Fighting       | |  3.6
Armour         | |  3.6
Shields        | |  3.6

Action                   |  1- 3 |  4- 6 |  7- 9 || total
-------------------------+-------+-------+-------++-------
Melee: War axe           |    82 |    84 |   117 ||   283
       Headbutt          |    13 |    10 |    23 ||    46
  Use: Scroll            |       |       |    11 ||    11
  Eat: Chunk             |     2 |     3 |     5 ||    10
Armor: Scale mail        |    30 |     7 |       ||    37
       Chain mail        |       |    30 |    46 ||    76
Dodge: Dodged            |    22 |    34 |    26 ||    82
Block: Shield            |    27 |    43 |    56 ||   126
